 Dungeon Crawl Stone Soup version 0.27.1-33-g824d729ab1 (webtiles) character file.

Game seed: 9380988537996534611

5 zeram the Sneak (level 1, -3/9 HPs)
             Began as a Spriggan Enchanter on Dec 24, 2021.
             Slain by a hobgoblin (5 damage)
             ... on level 1 of the Dungeon.
             The game lasted 00:01:11 (841 turns).

zeram the Sneak (Spriggan Enchanter)                 Turns: 841, Time: 00:01:11

Health: -3/9       AC:  2    Str:  4    XL:     1   Next: 66%
Magic:  5/5        EV: 17    Int: 16    God:
Gold:   0          SH:  0    Dex: 15    Spells: 4/5 levels left

rFire    . . .     SeeInvis +   a - +1 dagger
rCold    . . .     Faith    .   (shield restricted)
rNeg     . . .     Spirit   .   b - +0 robe
rPois    .         Reflect  .   (helmet restricted)
rElec    .         Harm     .   (no cloak)
rCorr    .         Rampage  .   (gloves unavailable)
Will     .....                  (boots unavailable)
Stlth    +++.......             (no amulet)
HPRegen  0.03/turn              (no ring)
MPRegen  0.09/turn              (no ring)

@: very quick
A: very small, no large weapons, unfitting armour, see invisible, speed 3
a: no special abilities


You were on level 1 of the Dungeon.
You visited 1 branch of the dungeon, and saw 1 of its levels.

Inventory:

Hand Weapons
 a - a +1 dagger (weapon)
Armour
 b - a +0 robe (worn)
Jewellery
 c - an amulet of magic regeneration
Scrolls
 d - a scroll of teleportation {unknown}


   Skills:
 - Level 1.1 Short Blades
 + Level 2.8 Dodging
 + Level 4.6 Stealth
 + Level 2.8 Spellcasting
 + Level 3.8 Hexes


You had 4 spell levels left.
You knew the following spells:

 Your Spells              Type           Power      Damage    Failure   Level
a - Corona                Hex            15%        N/A       4%          1

Your spell library contained the following spells:

 Spells                   Type           Power      Damage    Failure   Level
 Confusing Touch          Hex            14%        N/A       12%         3
 Tukima's Dance           Hex            14%        N/A       12%         3
 Ensorcelled Hibernation  Hex/Ice        16%        N/A       13%         2
 Dazzling Flash           Conj/Hex       16%        N/A       26%         3


Dungeon Overview and Level Annotations

Branches:
Dungeon (1/15)

Altars:


Innate Abilities, Weirdness & Mutations

You are very small and have problems with some larger weapons.
You are too small for most types of armour.
You have supernaturally acute eyesight. (SInv)
You cover ground extremely quickly. (Speed+++)


Message History

A rat is nearby!
A rat is nearby!
You hit the rat.
You kill the rat!
No target in view!
Found a scroll labelled LELLUNWA UWOO.
d - a scroll labelled LELLUNWA UWOO
Found 9 gold pieces.
Okay, then.
A hobgoblin comes into view.
A hobgoblin is nearby!
A hobgoblin is nearby!
A hobgoblin is nearby!
An endoplasm comes into view.
The hobgoblin shouts!
Found a smoky red potion.
You barely miss the hobgoblin.
The endoplasm quivers.
The hobgoblin closely misses you.
You hit the hobgoblin.
The hobgoblin is moderately wounded.
The hobgoblin hits you.
You hit the hobgoblin but do no damage.
The hobgoblin is moderately wounded.
The endoplasm jiggles.
The hobgoblin misses you.
You closely miss the hobgoblin.
The hobgoblin is moderately wounded.
The hobgoblin barely misses you.
You barely miss the hobgoblin.
The hobgoblin is moderately wounded.
The hobgoblin barely misses you.
You closely miss the hobgoblin.
The hobgoblin is moderately wounded.
The endoplasm hits you. The hobgoblin hits you.
* * * LOW HITPOINT WARNING * * *
You barely miss the endoplasm. The endoplasm misses you.
The hobgoblin hits you.
Ouch! That really hurt!
You die...

###### ##
#..#.#########.###.
#..................
#.................
#....#####..##$##
######..............#
.................J..###.
................@.......
...###..........g.......
.................#......
....................#...
........................
...#.>..................
...#.#..#...............
...........###...#.....!
.#.#......)....


You could see an endoplasm and a hobgoblin.

Vanquished Creatures
  2 jackals (D:1)
  A ball python (D:1)
  A frilled lizard (D:1)
  2 rats (D:1)
6 creatures vanquished.

Notes
Turn   | Place    | Note
-------+----------+-------------------------------------------
     0 | D:1      | zeram the Spriggan Enchanter began the quest for the Orb.
     0 | D:1      | Reached XP level 1. HP: 9/9 MP: 5/5
   107 | D:1      | Found a faded altar of an unknown god.
   841 | D:1      | Slain by a hobgoblin

Illustrated notes

Levels and vault maps discovered:
D:1:      beargit_arrival_diablo_church, layout_basic, serial_shops,
          nicolae_shop_trees, shapermc_ecumenical_altar_notcrosses

Action                   || total
-------------------------++-------
Melee: Dagger            ||    34
 Stab: Sleeping          ||     2
Armor: Robe              ||     2
Dodge: Dodged            ||    25
